 Dungeon Crawl Stone Soup version 0.30.1-4-g462c640d31 (webtiles) character file.

Game seed: 3701564930390146634

723 Kurtz the Cleaver (level 7, -6/41 HPs)
             Began as a Tengu Fighter on Sept 15, 2023.
             Mangled by an ogre
             ... wielding a +0 giant club
              (41 damage)
             ... on level 4 of the Dungeon.
             The game lasted 00:03:54 (3076 turns).

Kurtz the Cleaver (Tengu Fighter)                   Turns: 3076, Time: 00:03:54

Health: -6/41      AC: 11    Str: 18    XL:     7   Next: 71%
Magic:  8/8        EV:  2    Int:  8    God:
Gold:   203        SH:  0    Dex: 14    Spells: 6/6 levels left

rFire   . . .        a - +0 war axe
rCold   . . .        c - +0 buckler
rNeg    . . .        r - +0 chain mail
rPois   .            e - +0 hat
rElec   .            k - +0 cloak
rCorr   .            g - +0 pair of gloves
SInv    .            (boots unavailable)
Will    .....        (no amulet) Stlth
                     (no ring)
HPRegen 0.26/turn    (no ring)
MPRegen 0.11/turn

%: no passive effects
@: sleeping, flying quickly and evasively, quick
A: beak, talons 3, nimble flight
a: no special abilities


You were on level 4 of the Dungeon.
You visited 1 branch of the dungeon, and saw 4 of its levels.
You also visited: Sewer.

You collected 203 gold pieces.

Inventory:

Hand Weapons
 a - a +0 war axe (weapon)
 w - a +0 whip of venom
Missiles
 l - 6 poisoned darts (quivered)
Armour
 b - a +0 scale mail
 c - a +0 buckler (worn)
 e - a +0 hat (worn)
 g - a +0 pair of gloves (worn)
 k - a +0 cloak (worn)
 r - a +0 chain mail (worn)
Scrolls
 i - 3 scrolls of teleportation
 j - 2 scrolls of blinking
 n - a scroll of amnesia
 p - a scroll of brand weapon {unknown}
 q - a scroll of enchant weapon {unknown}
 t - 2 scrolls of poison {unknown}
 u - a scroll of identify
Potions
 d - a potion of berserk rage {unknown}
 f - a potion of haste {unknown}
 h - 3 potions of curing {unknown}
 m - a potion of attraction
 o - a potion of heal wounds {unknown}
 s - a potion of brilliance {unknown}
 v - a potion of might


   Skills:
 * Level 3.2 Fighting
 * Level 9.0 Axes
 * Level 3.6 Armour
 * Level 0.8 Dodging
 - Level 3.0 Shields


You had 6 spell levels left.
You didn't know any spells.
Your spell library contained the following spells:

 Spells                   Type           Power      Damage    Failure   Level
 Inner Flame              Hex/Fire       0%         N/A       100%        3
 Flame Wave               Conj/Fire      0%         2d4       100%        4
 Sticky Flame             Conj/Fire      0%         2d3       100%        4
 Malign Gateway           Summ/Tloc      0%         N/A       100%        7
 Summon Horrible Things   Summ           0%         N/A       100%        8


Dungeon Overview and Level Annotations

Branches:
Dungeon (4/15)              Sewer (visited)
 Temple: D:4-7

Altars:
The Shining One

Annotations:
D:4 3 runed translucent doors


Innate Abilities, Weirdness & Mutations

You have a beak for a mouth.
You have claws for feet.
Your magical nature lets you fly swiftly and evasively.


Message History

The hobgoblin shouts!
You peck the orc.
The orc is almost dead.
The orc hits you with a +0 flail.
You slash the orc!
You kill the orc!
Found 3 stones.
You see here a +0 flail.
You barely miss the hobgoblin. Your peck misses the hobgoblin.
The hobgoblin hits you but does no damage.
You barely miss the hobgoblin. Your peck misses the hobgoblin.
The hobgoblin closely misses you.
You hit the hobgoblin but do no damage. Your peck misses the hobgoblin.
The hobgoblin hits you but does no damage.
You slash the hobgoblin!
You kill the hobgoblin!
No target in view!
No target in view!
A dart slug comes into view.
A dart slug is nearby!
A dart slug is nearby!
An ogre, a hound and a sleepcap come into view.
The sleepcap moves out of view.
The dart slug launches a dart at you.
The slug dart hits you but does no damage.
The hound closely misses you. The sleepcap closely misses you.
You completely miss the hound. You claw the hound. Your peck misses the hound.
The hound is moderately wounded.
You slash the sleepcap! The hound bites you but does no damage.
The sleepcap releases spores at you but does no damage.
You block the hound's attack.
You closely miss the hound. Your peck misses the hound.
The hound is moderately wounded.
You hit the ogre. You slash the sleepcap! The hound bites you.
The sleepcap releases spores at you.
You are engulfed in a cloud of soporific spores!
You fall asleep.
The ogre hits you with a +0 giant club!!!
Ouch! That really hurt!
You die...

######### ##...#...##
##.........##
#...........#
#.....w.....#........
#....hO.....#........
#...f@...............
##...#...###.........
#####.### #.........
#######.## #.......(.
#........####.....[...
###.###...............
< #.#####.........
..#..# ###........
#....###.)........


You could see an ogre, a sleepcap, a hound and a dart slug.

Vanquished Creatures
  Sigmund (D:3)
  Blork the orc (D:4)
  2 bullfrogs (Sewer)
  A scorpion (D:3)
  A jelly (D:4)
  Natasha (D:3)
  A hound zombie (D:2)
  3 gnolls (D:3)
  9 adders
  2 adder skeletons (D:2)
  2 worms
  5 dart slugs
  3 orcs
  4 bats
  A bat skeleton (D:2)
  A bat zombie (D:2)
  5 endoplasms
  7 giant cockroaches
  9 goblins
  11 hobgoblins
  6 jackals
  8 quokkas
  6 ball pythons
  10 frilled lizards
  6 kobolds
  A quokka skeleton (D:2)
  A quokka zombie (D:2)
  5 rats
113 creatures vanquished.

Notes
Turn   | Place    | Note
-------+----------+-------------------------------------------
     0 | D:1      | Kurtz the Tengu Fighter began the quest for the Orb.
     0 | D:1      | Reached XP level 1. HP: 14/14 MP: 2/2
   150 | D:1      | Reached XP level 2. HP: 19/19 MP: 3/3
   154 | D:1      | Reached skill level 3 in Axes
   600 | D:1      | Reached XP level 3. HP: 23/23 MP: 4/4
   685 | D:1      | Reached skill level 4 in Axes
  1068 | D:2      | Reached XP level 4. HP: 18/28 MP: 5/5
  1317 | D:2      | Reached skill level 5 in Axes
  1522 | D:3      | Found a glowing drain.
  1537 | Sewer    | Entered a sewer
  1560 | Sewer    | Gained mutation: Your magical nature lets you fly swiftly
                  | and evasively. [Tengu growth]
  1560 | Sewer    | Reached XP level 5. HP: 32/32 MP: 6/6
  1667 | Sewer    | Reached skill level 6 in Axes
  1670 | Sewer    | Reached skill level 7 in Axes
  1670 | Sewer    | Reached XP level 6. HP: 24/37 MP: 7/7
  1801 | D:3      | Found a glowing golden altar of the Shining One.
  2088 | D:3      | Noticed Sigmund
  2094 | D:3      | Killed Sigmund
  2095 | D:3      | Reached skill level 8 in Axes
  2095 | D:3      | Reached XP level 7. HP: 41/41 MP: 8/8
  2577 | D:4      | Found a runed translucent gate.
  2578 | D:4      | Found a runed translucent gate.
  2579 | D:4      | Found a runed translucent gate.
  2589 | D:4      | Noticed Blork the orc
  2693 | D:4      | Killed Blork the orc
  2900 | D:4      | Noticed Natasha
  2930 | D:3      | Killed Natasha
  3031 | D:4      | Reached skill level 9 in Axes
  3076 | D:4      | Mangled by an ogre

Illustrated notes

Levels and vault maps discovered:
D:1:      mrwooster_arrival_statue, layout_loops_corners
D:2:      layout_basic, serial_undead, serial_undead_f, serial_undead_e,
          serial_undead_c, serial_undead_e, serial_undead_b, serial_undead_b,
          serial_undead_b, serial_undead_d, grunt_ministairs_9
D:3:      layout_loops_cross, mainiacjoe_overflow_chevrons,
          portal_sewer_entry_d, serial_forest, infiniplex_forest_lined_3_way,
          infiniplex_forest_lined_room_3, infiniplex_forest_end_double,
          infiniplex_forest_lined_room_, nrook_loot_triangle, uniq_sigmund
D:4:      layout_rooms, gammafunk_ghost_icy, uniq_natasha, uniq_blork_the_orc

Skill      XL: |  1  2  3  4  5  6  7 |
---------------+----------------------+-----
Axes           | 3 4 5 7 8 9 |  9.0
Fighting       | |  3.2
Armour         | |  3.6
Dodging        | |  0.8
Shields        | |  3.0

Action                     |  1- 3 |  4- 6 |  7- 9 || total
---------------------------+-------+-------+-------++-------
  Melee: War axe           |    66 |   128 |    56 ||   250
         Kick              |    18 |    25 |    17 ||    60
         Peck              |     6 |    13 |     9 ||    28
  Throw: Dart              |       |     1 |       ||     1
    Use: Scroll            |       |     3 |       ||     3
         Potion            |       |     1 |       ||     1
 Armour: Scale mail        |    28 |    48 |       ||    76
         Chain mail        |       |    13 |    45 ||    58
  Dodge: Dodged            |    23 |    63 |    28 ||   114
  Block: Buckler           |    11 |    45 |    17 ||    73
